 Dungeon Crawl Stone Soup version 0.25.1-2-g60ff931df9 (webtiles) character file.

Game seed: 1035242377760884519

30310 hehateme the Cleaver (level 13, -5/126 HPs)
             Began as a Gargoyle Berserker on Nov 7, 2020.
             Was an Elder of Trog.
             Slain by Rupert
             ... wielding a +5 triple sword of electrocution
              (10 damage)
             ... on level 13 of the Dungeon.
             The game lasted 00:44:19 (15243 turns).

hehateme the Cleaver (Gargoyle Berserker)          Turns: 15243, Time: 00:44:19

Health: -5/126     AC: 31    Str: 28    XL:     13   Next: 50%
Magic:  13/13      EV: 12    Int: 11    God:    Trog [****..]
Gold:   1095       SH:  0    Dex:  9    Spells: 12/12 levels left

rFire    + + .     SeeInvis .   A - +6 hand axe of Nocaa {drain, rC+}
rCold    + . .     Gourm    .   (no shield)
rNeg     + . .     Faith    .   P - +2 chain mail {rF+}
rPois    ∞         Spirit   .   v - +1 helmet {Int+3}
rElec    +         Reflect  .   d - scarf {repulsion}
rCorr    +         Harm     .   B - +0 pair of gloves
MR       ++...                  H - +2 pair of boots
Stlth    ..........             w - amulet of regeneration
HPRegen  1.71/turn              u - ring of protection from fire
MPRegen  0.13/turn              Z - ring of the Heavens {rCorr Str+2}

@: berserking, regenerating, repel missiles, very quick
A: negative energy resistance 1, electricity resistance, unbreathing,
petrification resistance, rot immunity, AC +9
a: Berserk, Trog's Hand, Brothers in Arms, Renounce Religion


You were on level 13 of the Dungeon.
You worshipped Trog.
Trog was greatly pleased with you.
You were near starving.

You visited 1 branch of the dungeon, and saw 13 of its levels.
You visited the Abyss 1 time.

You collected 1095 gold pieces.

Inventory:

Hand Weapons
 A - the +6 hand axe of Nocaa (weapon) {drain, rC+}
   (You took it off a centaur on level 5 of the Dungeon)

   A truly terrible weapon, it drains the life of those it strikes.
   It protects you from cold.
Armour
 d - a scarf of repulsion (worn)
 v - a +1 helmet of intelligence (worn)
 B - a +0 pair of gloves (worn)
 H - a +2 pair of boots (worn)
 P - a +2 chain mail of fire resistance (worn)
Jewellery
 b - an uncursed amulet of magic regeneration
 n - an uncursed ring of fire
 u - a ring of protection from fire (left hand)
 w - an amulet of regeneration (around neck)
 L - a +6 ring of strength
 M - an uncursed ring of wizardry
 R - an uncursed ring of positive energy
 X - an uncursed ring of ice
 Z - the ring of the Heavens (right hand) {rCorr Str+2}
   (You took it off an orc on level 11 of the Dungeon)

   [ring of resist corrosion]

   It affects your strength (+2).
   It provides partial protection from all sources of acid and corrosion.
Wands
 t - a wand of digging (7)
 x - a wand of acid (15)
 z - a wand of random effects (12)
 D - a wand of flame (15)
 G - a wand of clouds (14)
 V - a wand of paralysis (8)
Scrolls
 f - 5 scrolls of immolation
 g - 2 scrolls of fog
 i - a scroll of random uselessness
 j - 10 scrolls of remove curse
 k - a scroll of enchant weapon {unknown}
 m - 2 scrolls of identify
 o - 5 scrolls of amnesia
 p - a scroll of fear {unknown}
 y - 2 scrolls of blinking
 C - a scroll of enchant armour
 K - a scroll of vulnerability {unknown}
 N - 2 scrolls of magic mapping
 Y - a scroll of silence {unknown}
Potions
 a - a potion of stabbing {unknown}
 e - 4 potions of lignification
 h - a potion of berserk rage {unknown}
 l - 7 potions of haste
 r - 3 potions of curing
 s - a potion of invisibility
 E - 2 potions of cancellation
 I - 2 potions of ambrosia {unknown}
 J - a potion of degeneration {unknown}
 O - a potion of might {unknown}
 Q - 2 potions of brilliance {unknown}
 S - a potion of mutation {unknown}
 T - 3 potions of magic
Comestibles
 c - 21 rations
 q - 10 chunks of flesh


   Skills:
 + Level 11.6 Fighting
 + Level 13.8 Axes
 + Level 11.4 Armour
 + Level 6.8 Dodging
 + Level 3.7 Stealth


You had 12 spell levels left.
You didn't know any spells.
Your spell library was empty.

Dungeon Overview and Level Annotations

Branches:
Dungeon (13/15)            Temple (0/1) D:6            Lair (0/6) D:11
    Orc (0/2) D:10
 Vaults: D:13-14

Altars:
Ashenzari
Cheibriados
Elyvilon
Fedhas
Gozag
Hepliaklqana
Makhleb
Nemelex Xobeh
Qazlal
Ru
Uskayaw
Xom
The Shining One
Beogh

Shops:
D:2 *   D:6 [   D:7 %

Annotations:
D:13 1 runed translucent door, Dirphi Vium's ghost, journeyman MiBe; Rupert


Innate Abilities, Weirdness & Mutations

You are resistant to torment.
Your stone body is resilient. (AC +9)
You are immune to poison.
You resist negative energy. (rN+)
You are resistant to electric shocks. (rElec)
You can survive without breathing.
You are immune to petrification.
You are immune to rotting.


Message History

Rupert hits you with a +5 triple sword of electrocution!!
* * * LOW HITPOINT WARNING * * *
Eat one of 10 chunks of flesh? (ye/n/q)
Okay, then.
Unknown command.
You are too berserk!
Unknown command.
You are too berserk!
You slash Rupert! You drain Rupert.
Rupert is heavily wounded.
You slash Rupert!
Rupert is heavily wounded.
Rupert hits you with a +5 triple sword of electrocution!
* * * LOW HITPOINT WARNING * * *
You hit Rupert.
Rupert is heavily wounded.
You barely miss Rupert.
Rupert is heavily wounded.
Rupert hits you with a +5 triple sword of electrocution!
You die...

..##..# #.....#####
####### .......... ...#..
#........
##...#####........
#....#............
####.##(..###÷)#....(
.#..#..@(()[...()÷((((((#
..:D...)@###..##[.(.....#
.##....?## ##.##..)..####
##..#..####....).###
.....##........†))# ####
#..## ####.##....####...
#. #.#...###PW#..# . .
#...# #8)+..# ## #...#
#P$#.## #..(.# ######


You could see Rupert (berserk, drained) and a five-headed hydra.

Vanquished Creatures
  2 tentacled starspawn (Abyss:1)
  An ogre mage (D:13)
  Fannar (D:11)
  A death yak (D:11)
  A two-headed ogre (D:11)
  A dancing weapon (Abyss:1)
  Urug (D:13)
  An unseen horror (D:12)
  5 ugly things
  A cyclops (D:13)
  A manticore (D:10)
  Maurice (D:9)
  4 centaur skeletons
  Maggie (D:9)
  A freezing wraith (Abyss:1)
  5 trolls
  A hippogriff (D:11)
  Prince Ribbit (D:8)
  Sigmund (D:6)
  3 wraiths
  11 humans
  15 yaks
  2 wyverns (D:8)
  A shadow (D:13)
  A ynoxinul (Abyss:1)
  4 hogs (D:7)
  A basilisk (D:11)
  4 hungry ghosts
  5 vampire mosquitoes (D:13)
  Menkaure (D:6)
  11 orc warriors
  2 phantoms
  4 ice beasts
  6 sky beasts
  A black bear (D:10)
  A necrophage (D:9)
  9 ogres
  6 centaurs
  A crocodile (D:13)
  A big kobold (D:6)
  Blork the orc (D:6)
  6 bullfrogs
  A scorpion (D:5)
  17 killer bees
  A howler monkey (shapeshifter) (D:13)
  3 wights (D:6)
  5 howler monkeys
  5 crimson imps
  A bullfrog zombie (D:11)
  2 centaur zombies
  6 jellies
  3 quasits
  4 bullfrog skeletons
  5 hounds
  5 orc priests
  19 orc wizards
  2 gnoll shamans
  Ijyb (D:4)
  2 iguanas
  7 worker ants
  A killer bee zombie (D:7)
  2 hound skeletons
  8 gnolls
  15 adders
  5 shadow imps
  An ufetubus (Abyss:1)
  3 oozes
  3 adder zombies
  5 worms
  4 dart slugs
  5 leopard geckos
  63 orcs
  7 giant cockroaches
  18 goblins
  12 hobgoblins
  16 jackals
  6 quokkas
  4 ball pythons
  5 bats
  5 frilled lizards
  10 kobolds
  4 rats
  A starspawn tentacle (Abyss:1)
420 creatures vanquished.

Vanquished Creatures (collateral kills)
  Nessos (D:13)
  Harold (D:9)
  2 hydras
  An orc knight (D:12)
  A gargoyle (D:13)
  3 humans (D:13)
  3 orc warriors (D:12)
  A sky beast (D:9)
  A quasit (Abyss:1)
  An iguana (D:9)
  2 orc wizards
  13 orcs
30 creatures vanquished.

Vanquished Creatures (others)
  A bat (D:1)
  19 starspawn tentacles (Abyss:1)
  4 toadstools (D:5)
  2 withered plants (D:13)
26 creatures vanquished.

Grand Total: 476 creatures vanquished

Notes
Turn   | Place    | Note
-------+----------+-------------------------------------------
     0 | D:1      | hehateme the Gargoyle Berserker began the quest for the
                  | Orb.
     0 | D:1      | Reached XP level 1. HP: 14/14 MP: 1/1
   490 | D:1      | Reached XP level 2. HP: 10/19 MP: 2/2
   637 | D:1      | Reached skill level 3 in Axes
  1438 | D:1      | Reached XP level 3. HP: 24/24 MP: 3/3
  1987 | D:2      | Found an opulent altar of Gozag.
  1988 | D:2      | Found Gozag's Platinum Reserve.
  1988 | D:2      | You fall into a shaft and drop 1 floor!
  2041 | D:3      | Reached ** piety under Trog
  2220 | D:3      | Reached XP level 4. HP: 26/29 MP: 4/4
  2331 | D:3      | Reached skill level 1 in Stealth
  2863 | D:2      | Reached skill level 4 in Axes
  2863 | D:2      | Reached XP level 5. HP: 31/33 MP: 5/5
  4402 | D:3      | Reached *** piety under Trog
  4543 | D:4      | Reached XP level 6. HP: 39/39 MP: 6/6
  4907 | D:4      | Reached skill level 5 in Axes
  4910 | D:4      | Reached XP level 7. HP: 44/44 MP: 7/7
  4967 | D:4      | Reached skill level 5 in Fighting
  5108 | D:4      | Noticed Ijyb
  5122 | D:4      | Killed Ijyb
  5535 | D:5      | Entered Level 5 of the Dungeon
  5564 | D:5      | Reached skill level 6 in Axes
  5672 | D:5      | Found a shattered altar of Ashenzari.
  5946 | D:5      | Reached XP level 8. HP: 48/49 MP: 8/8
  5964 | D:5      | Identified the +6 hand axe of Nocaa {drain, rC+}
  6030 | D:5      | Reached **** piety under Trog
  6125 | D:5      | Found a white marble altar of Elyvilon.
  6212 | D:5      | Reached skill level 7 in Axes
  6771 | D:6      | Noticed Sigmund
  6790 | D:6      | Killed Sigmund
  6790 | D:6      | Reached skill level 5 in Armour
  6790 | D:6      | Reached XP level 9. HP: 50/56 MP: 9/9
  6869 | D:6      | Noticed a +0 hand axe
  6869 | D:6      | Noticed a +0 hand axe
  6873 | D:6      | Found a hide-covered altar of Uskayaw.
  6919 | D:6      | Found a hazy altar of Hepliaklqana.
  6984 | D:6      | Found Quthril's Armour Emporium.
  7005 | D:6      | Noticed Menkaure
  7012 | D:6      | Killed Menkaure
  7012 | D:6      | Reached skill level 8 in Axes
  7096 | D:6      | Noticed Blork the orc
  7108 | D:6      | Killed Blork the orc
  7403 | D:6      | Found a staircase to the Ecumenical Temple.
  7829 | D:6      | Reached ***** piety under Trog
  8007 | D:7      | Found Zulausu's Food Shoppe.
  8179 | D:7      | Reached skill level 9 in Axes
  8264 | D:7      | Reached XP level 10. HP: 64/64 MP: 10/10
  8279 | D:7      | Reached skill level 5 in Dodging
  8604 | D:8      | Noticed Prince Ribbit
  8611 | D:8      | Killed Prince Ribbit
  8793 | D:8      | Reached skill level 10 in Axes
  9259 | D:8      | Found a glowing golden altar of the Shining One.
  9703 | D:9      | Noticed Harold
  9709 | D:9      | Killed Harold
  9778 | D:9      | Reached XP level 11. HP: 66/69 MP: 11/11
  9974 | D:9      | Noticed Maurice
  9993 | D:9      | Killed Maurice
  9993 | D:9      | Reached skill level 11 in Axes
 10278 | D:9      | Noticed Maggie
 10292 | D:9      | Killed Maggie
 10543 | D:9      | Found a shimmering altar of Xom.
 10544 | D:9      | Found a sacrificial altar of Ru.
 10545 | D:9      | Found a sparkling altar of Nemelex Xobeh.
 10545 | D:9      | Found a burning altar of Makhleb.
 10545 | D:9      | Found a snail-covered altar of Cheibriados.
 10547 | D:9      | Found a stormy altar of Qazlal.
 10547 | D:9      | Found a blossoming altar of Fedhas.
 10667 | D:10     | Entered Level 10 of the Dungeon
 11166 | D:10     | Cast into level 1 of the Abyss (orc)
 11269 | Abyss:1  | Noticed a daeva
 11353 | Abyss:1  | Noticed a profane servitor
 11407 | Abyss:1  | Noticed a wretched star
 11429 | Abyss:1  | Found a corrupted altar of Lugonu.
 11473 | Abyss:1  | Noticed a deep elf elementalist
 11500 | Abyss:1  | Noticed a green death
 11547 | Abyss:1  | Noticed a +2 war axe of electrocution
 11579 | Abyss:1  | Noticed a thrashing horror
 11603 | Abyss:1  | Killed a +2 war axe of electrocution
 11616 | Abyss:1  | Noticed a tentacled starspawn
 11651 | Abyss:1  | Noticed a tentacled starspawn
 11671 | Abyss:1  | Killed a tentacled starspawn
 11671 | Abyss:1  | Reached skill level 10 in Fighting
 11674 | Abyss:1  | Killed a tentacled starspawn
 11674 | Abyss:1  | Reached skill level 12 in Axes
 11674 | Abyss:1  | Reached XP level 12. HP: 73/77 MP: 12/12
 11705 | D:10     | Escaped the Abyss
 11827 | D:10     | Found a staircase to the Orcish Mines.
 12567 | D:11     | Noticed an eight-headed hydra
 12572 | D:11     | Killed an eight-headed hydra
 12645 | D:11     | Noticed Fannar
 12665 | D:11     | Killed Fannar
 12719 | D:11     | Identified the ring of the Heavens {rCorr Str+2}
 12954 | D:11     | Noticed a two-headed ogre
 12964 | D:11     | Killed a two-headed ogre
 13224 | D:11     | Found a staircase to the Lair.
 13224 | D:11     | Noticed a death yak
 13258 | D:11     | Killed a death yak
 13559 | D:12     | Reached skill level 13 in Axes
 13796 | D:12     | Reached skill level 10 in Armour
 13988 | D:12     | Reached XP level 13. HP: 74/84 MP: 13/13
 14363 | D:12     | Found a roughly hewn altar of Beogh.
 14840 | D:13     | Found a runed translucent door.
 14841 | D:13     | Noticed Dirphi Vium's ghost (journeyman MiBe)
 14989 | D:13     | Noticed Nessos
 15023 | D:13     | Killed Nessos
 15188 | D:13     | Noticed an ogre mage
 15197 | D:13     | Killed an ogre mage
 15202 | D:13     | Noticed Urug
 15212 | D:13     | Noticed Rupert
 15233 | D:13     | Killed Urug
 15241 | D:13     | HP: 4/126 [Rupert/+5 triple sword of electrocution (12)]
 15243 | D:13     | Slain by Rupert

Illustrated notes

Levels and vault maps discovered:
D:1:      lemuel_arrival_rhombus, layout_basic
D:2:      layout_loops_cross, nicolae_gozag_zags_fifth_avenue
D:3:      layout_loops_ring
D:4:      layout_basic, first_ration, serial_glass, glass_columns_b,
          glass_columns_c, uniq_ijyb
D:5:      layout_loops_ring, marbit_many_paths, overflow_temple_1_default,
          minmay_gold_behind_fungi, minmay_ogre_servants
D:6:      layout_basic, nicolae_overflow_crystal_walls, dancing_weapons_uskayaw,
          temple_doors_ab, serial_shops, shop, uniq_blork_the_orc, uniq_sigmund,
          uniq_menkaure
D:7:      layout_cave_pools, serial_shops, shop_statue, grunt_livestock
D:8:      layout_basic, nicolae_tso_carved_into_rock, uniq_prince_ribbit1
D:9:      layout_loops_ring, grunt_temple_overflow_open, enter_bailey_2,
          kb_rosetta, uniq_harold, uniq_maggie, uniq_maurice
D:10:     layout_grid_maze, hiddenorc1_lemuel
D:11:     layout_rooms, david_lair_generic, uniq_fannar
D:12:     layout_roguey [special_room_orc]
D:13:     layout_rooms, david_vaults_3, gammafunk_ghost_grave,
          minmay_misc_feat_cross

Skill      XL: |  1  2  3  4  5  6  7  8  9 10 11 12 13 |
---------------+----------------------------------------+-----
Axes           | 3 4 5 6 7 9 10 12 13 | 13.8
Stealth        | 1 2 3 |  3.7
Dodging        | 2 3 4 5 6 |  6.8
Fighting       | 4 5 6 7 8 10 11 | 11.6
Armour         | 3 4 5 6 8 10 11 | 11.4

Action                   |  1- 3 |  4- 6 |  7- 9 | 10-12 | 13-15 || total
-------------------------+-------+-------+-------+-------+-------++-------
Melee: Hand axe          |   121 |   255 |   357 |   669 |   197 ||  1599
Invok: Berserk           |     2 |     5 |     5 |     9 |     4 ||    25
       Trog's Hand       |       |     3 |     2 |    10 |     2 ||    17
       Brothers in Arms  |       |       |       |     8 |     7 ||    15
  Use: Scroll            |     2 |     1 |       |    17 |     1 ||    21
       Potion            |       |       |       |     4 |     1 ||     5
 Stab: Invisible         |       |       |       |     1 |       ||     1
  Eat: Chunk             |     6 |    11 |    14 |    36 |     3 ||    70
       Ration            |       |     1 |     1 |     3 |     2 ||     7
Armor: Animal skin       |    16 |       |       |       |       ||    16
       Ring mail         |    18 |   128 |   213 |    69 |       ||   428
       Chain mail        |       |       |       |   335 |   149 ||   484
Dodge: Dodged            |    64 |   176 |   293 |   315 |   121 ||   969
       Repelled          |       |     3 |     7 |     9 |    17 ||    36
